 Dungeon Crawl Stone Soup version 0.24.0-125-gc4c63601f3 (webtiles) character file.

Game seed: 6577672443374394624, levelgen mode: deterministic

3881 nightchill the Slicer (level 10, -3/65 HPs)
             Began as a Kobold Berserker on Feb 14, 2020.
             Was a Priest of Trog.
             Slain by a wyvern skeleton (5 damage)
             ... on level 8 of the Dungeon on Feb 17, 2020.
             The game lasted 00:29:34 (9613 turns).

nightchill the Slicer (Kobold Berserker)            Turns: 9613, Time: 00:29:35

Health: -3/65      AC:  8    Str: 23    XL:     10   Next: 42%
Magic:  11/12      EV: 16    Int: 12    God:    Trog [***...]
Gold:   449        SH:  0    Dex: 14    Spells: 9/9 levels left

rFire    . . .     SeeInvis .   L - +8 short sword "Wococsaj" {flame, Fragile +Blink Str+5 Int+3}
rCold    . . .     Gourm    .   (shield restricted)
rNeg     . . .     Faith    .   i - +0 ring mail
rPois    .         Spirit   .   p - +1 hat
rElec    .         Reflect  .   H - +0 cloak
rCorr    .         Harm     .   (no gloves)
MR       .....                  u - +0 pair of boots
Stlth    ++++......             (no amulet)
HPRegen  0.20/turn              (no ring)
MPRegen  0.13/turn              (no ring)

@: marked, berserk cooldown, slowed, very slow
A: small, carnivore
a: Berserk, Trog's Hand, Renounce Religion, Evoke Blink


You were on level 8 of the Dungeon.
You worshipped Trog.
Trog was most pleased with you.
You were very full.

You visited 1 branch of the dungeon, and saw 8 of its levels.

You collected 449 gold pieces.

Inventory:

Hand Weapons
 a - a +0 short sword
 G - a +2 hunting sling of freezing
 L - the +8 short sword "Wococsaj" (weapon) {flame, Fragile +Blink Str+5 Int+3}
   (You found it on level 8 of the Dungeon)

   It has been specially enchanted to burn those struck by it, causing extra
   injury to most foes and up to half again as much damage against particularly
   susceptible opponents.
   It affects your strength (+5).
   It affects your intelligence (+3).
   It lets you blink.
   It will be destroyed if unequipped.
Missiles
 j - 156 stones (quivered)
 s - 68 bolts
 t - 40 sling bullets
 D - 6 boomerangs
 J - 8 curare-tipped darts
Armour
 b - a +0 animal skin
 i - a +0 ring mail (worn)
 p - a +1 hat (worn)
 u - a +0 pair of boots (worn)
 w - a +0 robe of magic resistance
 H - a +0 cloak (worn)
Jewellery
 F - an uncursed amulet of guardian spirit {unknown}
Wands
 y - a wand of acid (12)
 B - a wand of disintegration (18)
 I - a wand of enslavement (10)
Scrolls
 e - 9 scrolls of teleportation
 h - a scroll of blinking
 l - 13 scrolls of identify
 m - 3 scrolls of remove curse {unknown}
 q - a scroll of immolation {unknown}
 v - a scroll of magic mapping {unknown}
 C - a scroll of fear {unknown}
 E - a scroll of amnesia {unknown}
Potions
 f - 3 potions of lignification
 g - 4 potions of curing
 k - 5 potions of flight
 n - 2 potions of might {unknown}
 o - a potion of agility {unknown}
 r - 2 potions of mutation {unknown}
 x - a potion of brilliance {unknown}
 z - a potion of magic {unknown}
 A - 2 potions of ambrosia {unknown}
Comestibles
 c - 19 rations


   Skills:
 + Level 8.6 Fighting
 - Level 12.0 Short Blades
 - Level 1.5 Armour
 + Level 4.8 Dodging
 + Level 10.1 Stealth
 + Level 3.9 Evocations


You had 9 spell levels left.
You didn't know any spells.
Your spell library was empty.

Dungeon Overview and Level Annotations

Branches:
Dungeon (8/15)             Temple (0/1) D:6
   Lair: D:8-11

Altars:
Ashenzari
Gozag
Qazlal
Sif Muna
Trog
Vehumet
Yredelemnul

Shops:
D:4 !

Annotations:
D:7 2 transporters, MisterT's ghost, novice HOFi


Innate Abilities, Weirdness & Mutations

You are small and have problems with some larger weapons.
You are carnivorous and can eat meat at any time.


Message History

Trog accepts your kill.
Trog appreciates your killing of a magic user.
Harold groans, "My... family..." and then collapses, dead.
Your Dodging skill increases to level 4!
Your Stealth skill increases to level 10!
Your Evocations skill increases to level 3!
The bolt of acid hits the centaur!
The centaur is splashed with acid.
The centaur seems to be corroded for longer.
You kill the centaur!
Trog accepts your kill.
Okay, then.
As you read the scroll of identify, it crumbles to dust.
k - 5 potions of flight A wyvern skeleton comes into view.
As you read the scroll of identify, it crumbles to dust.
f - 3 potions of lignification The wyvern skeleton bites you.
* * * LOW HITPOINT WARNING * * *
The wyvern skeleton bites you.
You die...

# .# .(#
#######....
#..........
#.#........
#.)........
##Z####...#
#@# .
###.####
#......#
#.#.##.#
#.#.##.#
#.#....#
#.###..#
#.##...#
#....#.#


You could see a wyvern skeleton.

Vanquished Creatures
  Harold (D:8)
  Pikel (D:4)
  Grum (D:8)
  A slave (D:4)
  An ice beast (D:8)
  A black bear (D:7)
  A sky beast (D:6)
  4 ogres
  4 wolves (D:8)
  2 centaurs
  A bullfrog (D:6)
  A scorpion (D:5)
  4 wights
  2 howler monkeys
  A bullfrog zombie (D:6)
  3 crimson imps
  3 hounds
  3 orc priests
  A gnoll shaman (D:5)
  2 jellies
  Crazy Yiuf (D:6)
  3 orc wizards
  3 bullfrog skeletons
  3 iguanas
  5 worker ants
  3 hound zombies
  Robin (D:4)
  7 gnolls
  13 adders
  A shadow imp (D:7)
  An ooze (D:5)
  An adder skeleton (D:4)
  6 worms
  3 dart slugs
  2 leopard geckos
  12 orcs
  4 giant cockroaches
  10 goblins
  14 hobgoblins
  4 jackals
  5 kobolds
  3 quokkas
  9 bats
  3 frilled lizards
  A jackal skeleton (D:5)
  7 rats
163 creatures vanquished.

Vanquished Creatures (others)
  A quasit (D:5)
1 creature vanquished.

Grand Total: 164 creatures vanquished

Notes
Turn   | Place    | Note
-------+----------+-------------------------------------------
     0 | D:1      | nightchill the Kobold Berserker began the quest for the
                  | Orb.
     0 | D:1      | Reached XP level 1. HP: 14/14 MP: 1/1
   177 | D:1      | Reached XP level 2. HP: 19/19 MP: 2/2
   227 | D:1      | Reached skill level 1 in Stealth
   761 | D:1      | Reached XP level 3. HP: 22/23 MP: 3/3
  1172 | D:2      | Reached skill level 5 in Short Blades
  1491 | D:2      | Reached XP level 4. HP: 22/29 MP: 4/4
  1662 | D:2      | Found a stormy altar of Qazlal.
  2029 | D:2      | Reached XP level 5. HP: 33/33 MP: 5/5
  2032 | D:2      | Reached ** piety under Trog
  2267 | D:2      | Found an opulent altar of Gozag.
  2267 | D:2      | Found a shimmering blue altar of Sif Muna.
  2910 | D:3      | Reached skill level 6 in Short Blades
  3456 | D:4      | Noticed Robin
  3629 | D:4      | Killed Robin
  3907 | D:4      | Reached XP level 6. HP: 37/39 MP: 6/6
  3930 | D:4      | Found Seuhuuts's Distillery.
  4367 | D:4      | Reached skill level 7 in Short Blades
  4782 | D:5      | Entered Level 5 of the Dungeon
  4782 | D:5      | Found a basalt altar of Yredelemnul.
  4904 | D:5      | Reached XP level 7. HP: 44/44 MP: 7/7
  4908 | D:5      | Reached skill level 5 in Fighting
  4976 | D:4      | Reached skill level 5 in Stealth
  5355 | D:4      | Reached skill level 8 in Short Blades
  5444 | D:5      | Reached XP level 8. HP: 42/50 MP: 8/8
  5552 | D:5      | Noticed Pikel
  5682 | D:4      | Killed Pikel
  5682 | D:4      | Reached skill level 9 in Short Blades
  6055 | D:5      | Found a shattered altar of Ashenzari.
  6064 | D:5      | Found a radiant altar of Vehumet.
  6243 | D:5      | Reached skill level 10 in Short Blades
  6657 | D:6      | Found a bloodstained altar of Trog.
  6733 | D:5      | Upgraded the game from 0.24.0-124-g2791043dd8 to
                  | 0.24.0-125-gc4c63601f3
  6783 | D:6      | Reached XP level 9. HP: 55/56 MP: 9/9
  6892 | D:5      | Reached *** piety under Trog
  7006 | D:6      | Found a runed translucent door.
  7007 | D:6      | Noticed Crazy Yiuf
  7014 | D:6      | Killed Crazy Yiuf
  7180 | D:6      | Found a staircase to the Ecumenical Temple.
  7402 | D:6      | Reached skill level 11 in Short Blades
  8011 | D:7      | Noticed a two-headed ogre
  8518 | D:7      | Found a transporter.
  8524 | D:7      | Found a transporter.
  8668 | D:7      | Noticed MisterT's ghost (novice HOFi)
  9100 | D:8      | Reached skill level 12 in Short Blades
  9269 | D:8      | Noticed Grum
  9295 | D:8      | Killed Grum
  9295 | D:8      | Reached skill level 1 in Evocations
  9307 | D:8      | Reached XP level 10. HP: 51/64 MP: 9/11
  9482 | D:8      | Got a smoking short sword
  9499 | D:8      | Identified the +8 short sword "Wococsaj" {flame, Fragile
                  | +Blink Str+5 Int+3} (You found it on level 8 of the
                  | Dungeon)
  9575 | D:8      | Noticed Harold
  9611 | D:8      | Killed Harold
  9611 | D:8      | Reached skill level 10 in Stealth
  9613 | D:8      | HP: 2/65 [wyvern skeleton (3)]
  9613 | D:8      | Slain by a wyvern skeleton

Levels and vault maps discovered:
D:1:      sevenhm_arrival_forest_fort_large_2, layout_rooms,
          minmay_crystal_water
D:2:      layout_loops_corners, nicolae_qazlal_general_emergency,
          gammafunk_temple_overflow_pools, st_stairs_8
D:3:      layout_basic
D:4:      layout_gridville, first_ration, serial_shops, shop, uniq_robin
D:5:      layout_loops_ring, kennysheep_mini, ashenzari_altar_1, basic_altar,
          kennysheep_opposing_triangles, uniq_pikel
D:6:      layout_rooms, temple_fountains, basic_altar, minmay_misc_feat_doors,
          uniq_crazy_yiuf_cottage
D:7:      layout_rooms, gammafunk_ghost_stat_death
D:8:      layout_loops_cross, overflow_temple_1_default, uniq_grum, uniq_harold

Skill      XL: |  1  2  3  4  5  6  7  8  9 10 |
---------------+-------------------------------+-----
Stealth        | 1 2 3 4 5 7 9 10 | 10.1
Short Blades   | 5 6 7 8 10 12 | 12.0
Fighting       | 4 5 6 7 8 |  8.6
Evocations     | 1 3 |  3.9
Dodging        | 3 4 |  4.8
Armour         | |  1.5

Action                   |  1- 3 |  4- 6 |  7- 9 | 10-12 || total
-------------------------+-------+-------+-------+-------++-------
Melee: Short sword       |   113 |   236 |   482 |    31 ||   862
Throw: Stone             |     7 |    24 |     5 |     1 ||    37
Invok: Berserk           |     1 |    10 |    17 |     1 ||    29
       Trog's Hand       |       |     1 |     3 |       ||     4
Evoke: Wand              |       |       |       |     3 ||     3
  Use: Scroll            |       |       |       |     6 ||     6
 Stab: Sleeping          |     1 |     3 |     4 |     2 ||    10
       Distracted        |       |       |     3 |       ||     3
  Eat: Chunk             |    11 |    19 |    32 |     1 ||    63
Armor: Ring mail         |    27 |    68 |    85 |     3 ||   183
       Animal skin       |     2 |       |       |       ||     2
Dodge: Dodged            |    88 |   147 |   196 |    19 ||   450
